Map: Washout LE

Players

Alby - Winner!

  • Race: Protoss Protoss
  • League: Diamond
  • Spawn Location: 1:00

Chenstrap

  • Race: Zerg Zerg
  • League: Diamond
  • Spawn Location: 7:00

VOD

Have the link to the VOD?

Description

Time

  • Played on: July 24, 2026, 3:50 p.m.
  • Length: 14:33
Show
View Real Time Build Order
Export as new Build Order

Alby Protoss - Winner!

Build Orders: Phoenix Opening 

Get SALT Encoding   

  8  0:01  Probe  
  9  0:13  Probe  
  10  0:25  Probe  
  10  0:28  Pylon  
  11  0:38  Probe  
  12  0:43  Assimilator  
  12  0:50  Probe  
  13  1:04  Gateway  
  13  1:10  Probe (Chrono Boost)  
  15  1:19  Probe (Chrono Boost)  
  15  1:23  Assimilator  
  15  1:28  Probe  
  16  1:40  Probe  
  17  1:52  Cybernetics Core  
  17  1:57  Probe  
  18  2:09  Probe  
  18  2:13  Pylon  
  19  2:21  Probe  
  20  2:31  Stargate  
  20  2:34  Warp Gate  
  20  2:38  Probe  
  21  2:45  Adept  
  23  3:05  Probe  
  24  3:12  Pylon  
  24  3:14  Phoenix (Chrono Boost)  
  26  3:20  Zealot  
  26  3:25  Probe  
  29  3:27  Pylon  
  29  3:31  Phoenix  
  31  3:43  Probe  
  31  3:48  Pylon  
  32  3:56  Phoenix (Chrono Boost)  
  32  4:01  Probe  
  35  4:13  Phoenix (Chrono Boost), Pylon, Probe  
  38  4:30  Probe, Phoenix (Chrono Boost)  
  41  4:42  Probe  
  42  4:53  Phoenix  
  44  5:00  Zealot  
  44  5:03  Probe  
  47  5:18  Phoenix  
  47  5:20  Nexus  
  49  5:23  Probe  
  48  5:41  Zealot  
  50  5:50  Gateway  
  50  5:52  Gateway  
  50  6:00  Forge  
  50  6:04  Zealot  
  52  6:18  Pylon  
  52  6:31  Probe, Phoenix (Chrono Boost)  
  55  6:33  Zealot  
  55  6:34  Protoss Ground Weapons Level 1 (Chrono Boost)  
  55  6:38  Twilight Council  
  57  6:45  Shield Battery  
  57  6:49  Shield Battery  
  57  6:55  Phoenix (Chrono Boost)  
  57  7:00  Probe x2  
  59  7:15  Charge (Chrono Boost)  
  59  7:17  Probe x2  
  59  7:21  Zealot  
  63  7:28  Zealot  
  63  7:29  Zealot  
  67  7:33  Gateway  
  67  7:37  Pylon, Gateway  
  67  7:46  Templar Archives  
  67  7:51  Zealot x2  
  67  7:54  Probe x2 (Chrono Boost)  
  73  8:04  Probe x2 (Chrono Boost)  
  75  8:08  Zealot  
  75  8:10  Probe x2 (Chrono Boost)  
  79  8:21  Probe x2  
  79  8:22  Gateway  
  79  8:23  Gateway  
  79  8:24  Assimilator  
  81  8:27  Assimilator  
  81  8:34  Probe  
  81  8:35  Psionic Storm  
  81  8:39  Pylon  
  82  8:57  Probe  
  71  9:05  High Templar x3  
  71  9:06  High Templar  
  79  9:11  Archon x2  
  69  9:34  Pylon x2  
  65  9:42  Pylon  
  65  9:45  Zealot x4  
  65  9:46  Zealot  
  71  9:58  Gateway  
  71  9:59  Gateway  
  71  10:03  Shield Battery  
  71  10:06  Pylon  
  71  10:07  Photon Cannon, Nexus  
  71  10:10  Pylon  
  71  10:13  High Templar x4  
  79  10:18  Archon  
  79  10:21  Zealot  
  79  10:40  Shield Battery  
  79  10:41  Shield Battery  
  79  10:43  Photon Cannon  
  79  10:45  Photon Cannon  
  79  10:46  Zealot  
  79  10:47  Photon Cannon  
  79  10:48  Zealot x2  
  79  10:49  Zealot x2  
  89  10:50  Protoss Ground Weapons Level 2 (Chrono Boost)  
  87  11:15  High Templar x3  
  87  11:16  Zealot x4  
  101  11:20  Archon  
  101  11:25  Pylon  
  101  11:27  Gateway  
  101  11:31  Probe, Gateway  
  102  11:39  Assimilator  
  102  11:45  High Templar  
  102  11:47  Sentry x3  
  106  11:49  Assimilator  
  110  11:56  Probe x3  
  113  12:05  Zealot x2  
  113  12:06  Zealot  
  113  12:08  Probe  
  106  12:30  Zealot x5  
  106  12:31  Zealot x2  
  99  12:48  High Templar x2  
  103  12:54  Probe x3  
  106  13:08  Robotics Facility  
  106  13:13  Dark Shrine  
  106  13:14  Photon Cannon  
  106  13:15  Probe (Chrono Boost), Photon Cannon  
  106  13:17  Pylon, Probe (Chrono Boost)  
  109  13:21  Probe (Chrono Boost)  
  109  13:25  Probe (Chrono Boost)  
  109  13:26  Probe (Chrono Boost)  
  111  13:29  Probe (Chrono Boost)  
  111  13:32  Probe x2 (Chrono Boost)  
  111  13:33  High Templar x3  
  111  13:34  High Templar  
  120  13:37  Archon  
  120  13:38  Archon  
  104  13:48  Probe x2 (Chrono Boost)  
  102  13:53  Probe (Chrono Boost)  
  102  13:57  Probe x2 (Chrono Boost)  
  102  14:00  High Templar x2  
  102  14:01  Probe (Chrono Boost)  
  102  14:02  Probe x2 (Chrono Boost)  
  103  14:11  Probe  
  86  14:18  Archon x3  
  86  14:21  Zealot x4  
  86  14:22  Zealot  
Show
View Real Time Build Order
Export as new Build Order

Chenstrap Zerg 

Build Orders: Hatch First 

Get SALT Encoding   

  8  0:01  Drone  
  9  0:10  Drone  
  10  0:16  Drone  
  11  0:22  Drone  
  12  0:31  Extractor, Drone  
  13  0:58  Hatchery  
  13  1:03  Extractor, Drone  
  12  1:10  Overlord  
  13  1:30  Drone x3  
  16  1:40  Spawning Pool  
  16  1:44  Drone  
  16  1:55  Drone  
  16  2:00  Drone  
  18  2:11  Drone x2  
  20  2:19  Overlord  
  20  2:28  Queen, Extractor  
  20  2:29  Queen  
  21  2:33  Drone  
  24  2:37  Drone  
  24  2:39  Zergling x2  
  24  2:42  Zergling x2  
  27  2:45  Drone  
  27  2:50  Zergling x2  
  29  2:51  Zergling x2  
  30  3:01  Drone x2  
  32  3:15  Overlord  
  32  3:16  Roach Warren  
  32  3:18  Overlord  
  31  3:20  Drone  
  31  3:23  Extractor  
  31  3:25  Drone  
  33  3:41  Spore Crawler x2  
  32  3:44  Drone x4  
  32  3:45  Drone  
  36  3:55  Queen  
  38  4:03  Queen  
  38  4:07  Overlord  
  40  4:29  Overlord x2  
  40  4:32  Lair, Extractor  
  39  4:47  Overlord x2  
  39  4:57  Queen  
  39  5:02  Drone x2  
  39  5:03  Drone x2  
  39  5:04  Drone  
  39  5:05  Drone x5  
  49  5:10  Overlord, Spore Crawler  
  49  5:13  Drone  
  49  5:28  Extractor  
  49  5:29  Drone x3  
  49  5:31  Extractor  
  48  5:36  Drone  
  49  5:44  Drone x2, Spore Crawler  
  49  5:46  Spore Crawler  
  49  5:48  Hydralisk Den  
  48  5:50  Hydralisk Den  
  48  5:52  Drone  
  48  5:53  Drone x2  
  50  5:57  Drone x2  
  50  5:58  Drone x2  
  54  6:12  Drone x3, Evolution Chamber  
  54  6:17  Drone x2  
  58  6:19  Grooved Spines, Muscular Augments  
  58  6:21  Hydralisk  
  58  6:36  Spore Crawler, Drone  
  58  6:37  Drone  
  59  6:40  Zerg Missile Weapons Level 1  
  59  6:43  Hydralisk  
  59  6:45  Hydralisk, Baneling Nest  
  62  6:49  Overlord  
  62  6:54  Overseer  
  62  6:59  Overseer  
  62  7:01  Hydralisk  
  62  7:04  Overlord x2  
  62  7:20  Hydralisk x4  
  62  7:21  Hydralisk  
  72  7:28  Overlord, Hydralisk  
  74  7:31  Hydralisk  
  74  7:34  Hydralisk  
  78  7:43  Hydralisk  
  80  7:45  Hydralisk  
  80  7:46  Hydralisk  
  80  7:48  Hydralisk  
  86  7:52  Hydralisk  
  88  7:58  Overlord  
  88  7:59  Overlord  
  88  8:06  Metabolic Boost  
  88  8:15  Baneling x8  
  88  8:17  Zergling x8  
  92  8:23  Hydralisk x2  
  96  8:32  Overlord x2  
  96  8:37  Zerg Ground Armor Level 1  
  96  8:41  Overlord x2  
  92  9:03  Hydralisk x3  
  92  9:04  Hydralisk x3  
  92  9:06  Zergling x4  
  92  9:07  Zergling x2  
  101  9:26  Zergling x14  
  76  9:40  Hydralisk  
  76  9:41  Hydralisk x4  
  81  9:52  Zergling x8  
  85  9:54  Baneling x11  
  85  9:55  Baneling x2  
  85  9:56  Baneling  
  85  9:57  Baneling  
  85  9:59  Baneling  
  85  10:03  Hydralisk  
  85  10:06  Zergling x4  
  85  10:07  Zergling x2  
  90  10:13  Centrifugal Hooks  
  88  10:17  Hydralisk  
  90  10:42  Zergling x16  
  97  10:59  Hydralisk x5  
  97  11:01  Hatchery  
  97  11:02  Baneling x2  
  97  11:03  Baneling x3  
  106  11:04  Baneling  
  106  11:08  Zerg Melee Weapons Level 1  
  106  11:12  Evolution Chamber  
  105  11:24  Zergling x14  
  112  11:30  Overseer  
  112  11:31  Overlord  
  112  11:36  Zergling x6  
  112  11:38  Baneling x3  
  115  11:44  Zergling x6  
  118  11:50  Zerg Ground Armor Level 2  
  116  12:17  Hydralisk  
  116  12:18  Hydralisk x5  
  123  12:29  Zergling x10  
  96  12:44  Zergling x18  
  96  12:48  Zergling x2  
  101  12:52  Drone x3  
  104  13:02  Baneling  
  104  13:03  Baneling x9  
  104  13:06  Drone x4  
  104  13:08  Drone  
  109  13:13  Hydralisk  
  109  13:16  Zergling x4  
  109  13:17  Zergling x2  
  114  13:22  Zergling x2  
  114  13:23  Zergling x4  
  114  13:25  Baneling x4  
  114  13:26  Baneling  
  109  13:45  Zergling x10  
  109  13:46  Zergling x14  
  117  13:56  Drone x4  
  117  13:57  Drone  
  122  14:05  Drone x4, Extractor x2  
  122  14:06  Drone  
  120  14:12  Infestation Pit  
  120  14:15  Zergling x6  
Tags
 
Add a new tag
Caveats
  • Supply blocks, unpowered buildings, or Contaminate may cause inaccurate times.
  • Supply counts are checked every 10 seconds.